 Dungeon Crawl Stone Soup version 0.21-a0-521-g1cd18d1148 (webtiles) character file.

203 Brujo888 the Insei (level 5, -1/41 HPs)
             Began as a Gnoll Transmuter on Dec 5, 2017.
             Slain by a phantom (3 damage)
             ... on level 4 of the Dungeon.
             The game lasted 00:08:13 (2424 turns).

Brujo888 the Insei (Gnoll Transmuter)               Turns: 2424, Time: 00:08:14

Health: -1/41      AC:  4    Str: 12    XL:     5   Next: 81%
Magic:  12/12      EV: 15    Int: 15    God:
Gold:   91         SH:  0    Dex: 17    Spells: 8/14 levels left

rFire    . . .     SeeInvis .     - Unarmed
rCold    . . .     Gourm    .   (no shield)
rNeg     . . .     Faith    .   b - +0 robe
rPois    .         Spirit   .   (no helmet)
rElec    .         Reflect  .   j - +0 cloak
rCorr    .         Harm     .   s - +0 pair of gloves
MR       .....                  (no boots)
Stlth    ++........             (no amulet)
HPRegen  0.13/turn              (no ring)
MPRegen  0.13/turn              (no ring)

@: appendage (expiring), very slightly contaminated
A: distributed training, fangs 1, horns 2, strong nose
a: End Transformation


You were on level 4 of the Dungeon.
You were hungry.
You had grown temporary horns.
You visited 1 branch of the dungeon, and saw 6 of its levels.

You collected 91 gold pieces.

Inventory:

Missiles
 a - 2 arrows
 n - 6 needles of confusion
Armour
 b - a +0 robe (worn)
 j - a +0 cloak (worn)
 s - a +0 pair of gloves (worn)
Scrolls
 e - a scroll of teleportation {unknown}
 h - 2 scrolls of fear {unknown}
 k - 2 scrolls of blinking {unknown}
 l - 3 scrolls of identify {unknown}
 o - a scroll of magic mapping {unknown}
 p - a scroll of noise {unknown}
 q - a scroll of amnesia {unknown}
Potions
 f - 2 potions of curing
 m - a potion of mutation {unknown}
Books
 c - a book of Changes

   Spells                             Type                      Level
   a - Beastly Appendage              Transmutation                1
   b - Sticks to Snakes               Transmutation                2
   c - Spider Form                    Transmutation/Poison         3
   d - Ice Form                       Ice/Transmutation            4
   e - Blade Hands                    Transmutation                5
Comestibles
 d - 5 bread rations
 g - 3 meat rations


   Skills:
 + Level 3.0 Fighting
 + Level 1.6 Short Blades
 + Level 1.6 Long Blades
 + Level 1.6 Axes
 + Level 1.6 Maces & Flails
 + Level 1.6 Polearms
 + Level 1.6 Staves
 + Level 1.6 Slings
 + Level 1.6 Bows
 + Level 1.6 Crossbows
 + Level 1.6 Throwing
 + Level 1.6 Armour
 + Level 4.8 Dodging
 + Level 1.6 Stealth
 + Level 1.6 Shields
 + Level 6.7 Unarmed Combat
 + Level 5.2 Spellcasting
 + Level 1.3 Conjurations
 + Level 1.3 Hexes
 + Level 1.3 Charms
 + Level 1.3 Summonings
 + Level 1.3 Necromancy
 + Level 1.3 Translocations
 + Level 4.0 Transmutations
 + Level 1.3 Fire Magic
 + Level 1.3 Ice Magic
 + Level 1.3 Air Magic
 + Level 1.3 Earth Magic
 + Level 1.3 Poison Magic
 + Level 1.8 Invocations
 + Level 1.6 Evocations


You had 8 spell levels left.
You knew the following spells:

 Your Spells              Type           Power        Failure   Level  Hunger
a - Beastly Appendage     Tmut           ###...       3%          1    None
b - Sticks to Snakes      Tmut           ###.....     4%          2    ##.....
c - Spider Form           Tmut/Pois      ##........   16%         3    ###....


Dungeon Overview and Level Annotations

Branches:
Dungeon (6/15)
 Temple: D:4-7

Altars:
The Shining One

Annotations:
D:5 Eustachio


Innate Abilities, Weirdness & Mutations

Your experience applies equally to all skills.
You have very sharp teeth.
Your uncanny sense of smell can sniff out nearby items.
You have a pair of horns on your head.


Message History

The centaur skeleton hits you but does no damage.
Your adder barely misses the phantom.
Casting: Sticks to Snakes
Confirm with . or Enter, or press ? or * to list all spells.
You miscast Sticks to Snakes.
You are very lightly contaminated with residual magic.
Waves of light ripple over your body. The centaur skeleton barely misses you.
Your adder completely misses the phantom.
The centaur skeleton hits you.
* * * LOW HITPOINT WARNING * * *
It was a potion of curing.
You feel better.
Your adder completely misses the phantom.
The phantom hits you!
* * * LOW HITPOINT WARNING * * *
The centaur skeleton hits you.
* * * LOW HITPOINT WARNING * * *
Your adder bites the phantom.
It was a potion of magic.
Magic courses through your body. The phantom hits you.
You die...

..### #.... #....
#<.. #..# #
######..## .##
###..>###Z)###
....
#..W...###@W.#..#
#..####..##.S..#
## ##......##
##....## ##.###
### ∆ ∆


You could see a phantom, a centaur skeleton and a friendly adder.

Vanquished Creatures
  A crimson imp (D:6)
  An orc priest (D:6)
  A bullfrog skeleton (D:6)
  Ijyb (D:4)
  A hound zombie (D:6)
  A shadow imp (D:5)
  An ooze (D:1)
  A worm (D:2)
  A dart slug (D:3)
  4 leopard geckos
  2 orcs
  A giant cockroach (D:2)
  4 goblins
  6 hobgoblins
  4 jackals (D:3)
  A quokka (D:2)
  A ball python (D:2)
  A bat (D:3)
  5 frilled lizards
  3 kobolds
  3 rats
44 creatures vanquished.

Vanquished Creatures (collateral kills)
  An orc wizard (D:6)
  An orc (D:6)
2 creatures vanquished.

Grand Total: 46 creatures vanquished

Notes
Turn   | Place    | Note
-------+----------+-------------------------------------------
     0 | D:1      | Brujo888 the Gnoll Transmuter began the quest for the Orb.
     0 | D:1      | Reached XP level 1. HP: 17/17 MP: 6/6
   279 | D:1      | Reached XP level 2. HP: 23/23 MP: 5/7
   283 | D:1      | Learned a level 2 spell: Sticks to Snakes
   836 | D:2      | Found a glowing golden altar of the Shining One.
   923 | D:2      | Reached XP level 3. HP: 17/28 MP: 6/9
  1009 | D:2      | Reached skill level 5 in Spellcasting
  1544 | D:3      | Reached skill level 1 in Invocations
  1980 | D:3      | You fall through a shaft for 3 floors!
  2030 | D:6      | Reached skill level 1 in Short Blades
  2030 | D:6      | Reached skill level 1 in Long Blades
  2030 | D:6      | Reached skill level 1 in Axes
  2030 | D:6      | Reached skill level 1 in Maces & Flails
  2030 | D:6      | Reached skill level 1 in Polearms
  2030 | D:6      | Reached skill level 1 in Staves
  2030 | D:6      | Reached skill level 1 in Slings
  2030 | D:6      | Reached skill level 1 in Bows
  2030 | D:6      | Reached skill level 1 in Crossbows
  2030 | D:6      | Reached skill level 1 in Throwing
  2030 | D:6      | Reached skill level 1 in Armour
  2030 | D:6      | Reached skill level 1 in Stealth
  2030 | D:6      | Reached skill level 1 in Shields
  2030 | D:6      | Reached skill level 1 in Evocations
  2030 | D:6      | Reached XP level 4. HP: 34/34 MP: 4/11
  2134 | D:6      | Reached skill level 1 in Conjurations
  2134 | D:6      | Reached skill level 1 in Hexes
  2134 | D:6      | Reached skill level 1 in Charms
  2134 | D:6      | Reached skill level 1 in Summonings
  2134 | D:6      | Reached skill level 1 in Necromancy
  2134 | D:6      | Reached skill level 1 in Translocations
  2134 | D:6      | Reached skill level 1 in Fire Magic
  2134 | D:6      | Reached skill level 1 in Ice Magic
  2134 | D:6      | Reached skill level 1 in Air Magic
  2134 | D:6      | Reached skill level 1 in Earth Magic
  2134 | D:6      | Reached skill level 1 in Poison Magic
  2150 | D:6      | Learned a level 3 spell: Spider Form
  2205 | D:6      | Reached XP level 5. HP: 40/40 MP: 10/12
  2305 | D:5      | Entered Level 5 of the Dungeon
  2363 | D:5      | Noticed Eustachio
  2399 | D:4      | Noticed a phantom
  2407 | D:4      | Noticed Ijyb
  2420 | D:4      | Killed Ijyb
  2423 | D:4      | HP: 2/41 [centaur skeleton (5)]
  2424 | D:4      | Slain by a phantom

Vault maps used:
D:1:      dpeg_arrival_central, serial_glass, glass_columns_c, glass_columns_b,
          glass_columns_b, glass_columns_a, glass_columns_b, glass_columns_c,
          kennysheep_small_spiral
D:2:      tso_oasis_becter, first_bread, minmay_splitting_lines
D:3:      overflow_temple_1_default, nicolae_overflow_hidden_temple
D:4:      uniq_ijyb
D:5:      kennysheep_little_box, uniq_sigmund, uniq_duvessa,
          uniq_crazy_yiuf_cottage, uniq_grinder, uniq_eustachio
D:6:      lemuel_coloured_pillars_altar

Skill      XL: |  1  2  3  4  5 |
---------------+----------------+-----
Spellcasting   | 5 |  5.2
Invocations    | 1 |  1.8
Short Blades   | 1 |  1.6
Long Blades    | 1 |  1.6
Axes           | 1 |  1.6
Maces & Flails | 1 |  1.6
Polearms       | 1 |  1.6
Staves         | 1 |  1.6
Slings         | 1 |  1.6
Bows           | 1 |  1.6
Crossbows      | 1 |  1.6
Throwing       | 1 |  1.6
Armour         | 1 |  1.6
Stealth        | 1 |  1.6
Shields        | 1 |  1.6
Evocations     | 1 |  1.6
Conjurations   | 1 |  1.3
Hexes          | 1 |  1.3
Charms         | 1 |  1.3
Summonings     | 1 |  1.3
Necromancy     | 1 |  1.3
Translocations | 1 |  1.3
Fire Magic     | 1 |  1.3
Ice Magic      | 1 |  1.3
Air Magic      | 1 |  1.3
Earth Magic    | 1 |  1.3
Poison Magic   | 1 |  1.3
Fighting       | 3 |  3.0
Transmutations | 4 |  4.0
Dodging        | |  4.8
Unarmed Combat | |  6.7

Action                   |  1- 3 |  4- 6 || total
-------------------------+-------+-------++-------
Melee: Unarmed           |    78 |    48 ||   126
       Kick              |     9 |     5 ||    14
       Headbutt          |     8 |     7 ||    15
       Punch             |     1 |     1 ||     2
       Bite              |     2 |     8 ||    10
 Cast: Beastly Appendage |    28 |     8 ||    36
       Sticks to Snakes  |     3 |     7 ||    10
  Use: Potion            |       |     2 ||     2
 Stab: Sleeping          |     2 |       ||     2
       Distracted        |       |     1 ||     1
  Eat: Chunk             |     3 |     1 ||     4
Armor: Robe              |     9 |    12 ||    21
Dodge: Dodged            |    54 |    44 ||    98

Table legend:
 A = Spawn XP
 B = Non-spawn XP
 C = Spawn XP percentage of total XP
 D = Spawn monster count
 E = Non-spawn monster count
 F = Spawn count percentage of total count
 G = Total turns spent on level
                    A         B        C        D         E        F      G
               +---------+---------+-------+---------+---------+-------+---------
         Total |       0 |     291 |   0.0 |       0 |      46 |   0.0 |  2424
               +---------+---------+-------+---------+---------+-------+---------
           D:1 |       0 |      13 |   0.0 |       0 |       4 |   0.0 |   746
           D:2 |       0 |      30 |   0.0 |       0 |      17 |   0.0 |   471
           D:3 |       0 |      28 |   0.0 |       0 |      13 |   0.0 |   763
           D:4 |       0 |      33 |   0.0 |       0 |       1 |   0.0 |    25
           D:5 |       0 |      15 |   0.0 |       0 |       4 |   0.0 |    94
           D:6 |       0 |     172 |   0.0 |       0 |       7 |   0.0 |   325
               +---------+---------+-------+---------+---------+-------+---------
